 Seeded DCSS version 0.28.0-62-gf88900778d (webtiles) character file.

Game seed: 1968815182553708329 (custom seed)

548 cbfl8 the Covered (level 7, -1/61 HPs)
             Began as a Minotaur Fighter on June 30, 2023.
             Succumbed to an orc wizard's poison
             ... on level 4 of the Dungeon.
             The game lasted 00:02:35 (3282 turns).

cbfl8 the Covered (Minotaur Fighter)                Turns: 3282, Time: 00:02:35

Health: -1/61      AC: 10    Str: 21    XL:     7   Next: 7%
Magic:  6/6        EV:  7    Int:  5    God:
Gold:   214        SH:  5    Dex: 11    Spells: 6/6 levels left

rFire   . . .      SeeInvis .   a - +0 long sword
rCold   . . .      Faith    .   c - +0 buckler
rNeg    . . .      Spirit   .   k - +0 chain mail
rPois   .          Reflect  .   (helmet restricted)
rElec   .          Harm     .   (no cloak)
rCorr   +          Rampage  .   (no gloves)
Will    +....                   (no boots)
Stlth   ..........              (no amulet)
HPRegen 0.20/turn               f - ring of willpower
MPRegen 0.10/turn               e - ring of resist corrosion

@: lethally poisoned (-1 -> -29)
A: horns 2, retaliatory headbutt
a: no special abilities


You were on level 4 of the Dungeon.
You visited 1 branch of the dungeon, and saw 4 of its levels.

You collected 214 gold pieces.

Inventory:

Hand Weapons
 a - a +0 long sword (weapon)
Armour
 c - a +0 buckler (worn)
 k - a +0 chain mail (worn)
Jewellery
 e - a ring of resist corrosion (right hand)
 f - a ring of willpower (left hand)
Scrolls
 b - a scroll of immolation {unknown}
 d - a scroll of vulnerability {unknown}
 g - a scroll of identify
 i - a scroll of amnesia {unknown}
 l - a scroll of summoning {unknown}
 m - a scroll of teleportation
Potions
 h - 2 potions of lignification
 j - a potion of flight


   Skills:
 + Level 5.1 Fighting
 + Level 5.8 Long Blades
 + Level 5.8 Armour
 + Level 0.7 Dodging
 + Level 1.0 Stealth
 + Level 4.5 Shields
 * Level 1.3 Evocations


You had 6 spell levels left.
You didn't know any spells.
Your spell library contained the following spells:

 Spells                   Type           Power      Damage    Failure   Level
 Freeze                   Ice            0%         1d3       99%         1
 Ensorcelled Hibernation  Hex/Ice        0%         N/A       100%        2
 Passwall                 Tmut/Erth      0%         N/A       100%        2
 Frozen Ramparts          Ice            0%         1d2       100%        3
 Swiftness                Air            0%         N/A       100%        3
 Hailstorm                Conj/Ice       0%         3d3       100%        4


Dungeon Overview and Level Annotations

Branches:
Dungeon (4/15)
 Temple: D:4-7

Altars:
Uskayaw
Vehumet
Yredelemnul

Shops:
D:1 (   D:4 (

Annotations:
D:4 3 runed translucent doors, macfelon's ghost, amateur DECj


Innate Abilities, Weirdness & Mutations

You have a pair of horns on your head.
You reflexively headbutt those who attack you in melee.


Message History

You closely miss the bullfrog. Your headbutt misses the bullfrog.
The bullfrog is heavily wounded.
The bullfrog closely misses you. You furiously retaliate!
You headbutt the bullfrog!
You kill the bullfrog!
You have reached level 7!
You closely miss the orc. The orc barely misses you.
Unknown command.
You hit the orc. You headbutt the orc.
You kill the orc!
Unknown command.
No target in view!
No target in view!
Unknown command.
No target in view!
Unknown command.
No target in view!
The orc wizard hits you with a +1 dagger of venom.
You are poisoned.
Things that are here:
a +0 flail; a +0 hand axe; an orc corpse You feel very sick.
The orc wizard hits you with a +1 dagger of venom.
You are more poisoned.
You feel very sick.
The orc wizard hits you with a +1 dagger of venom.
You are lethally poisoned!
Okay, then.
As you read the scroll of teleportation, it crumbles to dust.
You feel strangely unstable.
* * * LOW HITPOINT WARNING * * *
You feel extremely sick.
The orc wizard hits you with a +1 dagger of venom.
* * * LOW HITPOINT WARNING * * *
You are more poisoned.
Okay, then.
* * * LOW HITPOINT WARNING * * *
You feel extremely sick.
Your surroundings suddenly seem different.
You die...

##########
##........# .
####.........# ..
#...........@#
..###.###........#
..............<..#
...##........#####
...#....#..#.#
.....#..#....#
........#.####
##...##.#)#####
#.###.#......†#####


There were no monsters in sight!

Vanquished Creatures
  A black bear (D:4)
  2 kobold brigands (D:3)
  A bullfrog (D:4)
  A scorpion (D:4)
  2 orc priests (D:3)
  A hound skeleton (D:4)
  3 adders
  3 worms
  A dart slug (D:1)
  5 orcs
  8 endoplasms
  A giant cockroach (D:1)
  5 goblins
  10 hobgoblins
  4 jackals (D:3)
  4 quokkas
  6 ball pythons
  5 bats
  4 frilled lizards
  11 kobolds
  2 rats
80 creatures vanquished.

Notes
Turn   | Place    | Note
-------+----------+-------------------------------------------
     0 | D:1      | cbfl8 the Minotaur Fighter began the quest for the Orb.
     0 | D:1      | Reached XP level 1. HP: 19/19 MP: 0/0
   242 | D:1      | Found Ystrenax's Weapon Boutique.
   327 | D:1      | Found a faded altar of an unknown god.
   450 | D:1      | Reached XP level 2. HP: 27/27 MP: 1/1
  1022 | D:2      | Reached XP level 3. HP: 33/33 MP: 2/2
  1916 | D:3      | Reached XP level 4. HP: 35/41 MP: 3/3
  2022 | D:3      | Noticed a kobold brigand
  2031 | D:3      | Noticed a kobold brigand
  2034 | D:3      | Killed a kobold brigand
  2035 | D:3      | Reached XP level 5. HP: 20/47 MP: 4/4
  2049 | D:3      | Reached skill level 5 in Armour
  2569 | D:3      | Reached skill level 5 in Long Blades
  2574 | D:3      | Reached skill level 1 in Stealth
  2574 | D:3      | Reached XP level 6. HP: 33/55 MP: 5/5
  2872 | D:4      | Found a runed translucent gate.
  2872 | D:4      | Found a runed translucent gate.
  2873 | D:4      | Found a runed translucent gate.
  2874 | D:4      | Noticed macfelon's ghost (amateur DECj)
  2924 | D:4      | Found Ogij Kue's Weapon Emporium.
  2931 | D:4      | Found a radiant altar of Vehumet.
  2968 | D:4      | Found a basalt altar of Yredelemnul.
  2971 | D:4      | Found a hide-covered altar of Uskayaw.
  3124 | D:4      | Reached skill level 5 in Fighting
  3124 | D:4      | Reached skill level 1 in Evocations
  3275 | D:4      | Reached XP level 7. HP: 40/61 MP: 6/6
  3282 | D:4      | Succumbed to an orc wizard's poison

Illustrated notes

Levels and vault maps discovered:
D:1:      scummos_arrival_checkerplants, layout_loops_corners,
          chequers_ecumenical_altar_simple_redux, serial_shops,
          nicolae_shop_statue_plus, minmay_vboxes
D:2:      layout_rooms, minmay_liquid_box
D:3:      cheibrodos_thug_alley, layout_loops_corners, grunt_ministairs_8,
          minmay_misc_feat_tower
D:4:      nicolae_cairo_tiling, layout_basic, mainiacjoe_overflow_24_doors,
          grunt_temple_overflow_open, gammafunk_ghost_necromancy, serial_shops,
          shop, minmay_joined_circles

Skill      XL: |  1  2  3  4  5  6 |
---------------+-------------------+-----
Fighting       | 4 5 |  5.1
Armour         | 4 5 |  5.8
Shields        | 4 |  4.5
Long Blades    | 3 4 5 |  5.8
Stealth        | 1 |  1.0
Evocations     | 1 |  1.3
Dodging        | |  0.7

Action                   |  1- 3 |  4- 6 |  7- 9 || total
-------------------------+-------+-------+-------++-------
Melee: Long sword        |    86 |   111 |     2 ||   199
       Headbutt          |    16 |    17 |     1 ||    34
  Use: Scroll            |     3 |       |     1 ||     4
       Potion            |       |     4 |       ||     4
Armor: Scale mail        |    13 |       |       ||    13
       Chain mail        |    33 |    68 |       ||   101
Dodge: Dodged            |    33 |    40 |     1 ||    74
Block: Buckler           |    10 |    23 |       ||    33
